Cogmind - Beta 11.1 @@@ ROGUE MODE // 2022.05.28 @ 15:50:01 Player: Triffids Result: Self-destructed Performance ------------- Evolutions (1) 500 Regions Visited (2) 400 Robots Destroyed (12) 60 Value Destroyed (276) 276 Prototype IDs (4) 80 Alien Tech Used (0) 0 Bonus (0) 0 TOTAL SCORE: 1316 Bonus ------- None Cogmind --------- Core Integrity 360/400 Matter 285/300 Energy 25/125 System Corruption 0% Temperature Cool (0) Movement Walking (120) Location -9/Materials Parts ------- > --- POWER (1) -------- Light Ion Engine > --- PROPULSION (2) --- Aluminum Leg Improved Aluminum Leg > --- UTILITY (4) ------ Cooling System Disposable Heat Sink Small Storage Unit Light Armor Plating > --- WEAPON (2) ------- Improved EM Shotgun Advanced Beam Cannon > --- INVENTORY (8) ---- Aluminum Leg Sensor Array Utility Shielding Improved EM Shotgun Improved EM Shotgun Advanced Beam Cannon Improved Assault Rifle Peak State ------------ > --- POWER ------------ Light Ion Engine > --- PROPULSION ------- Aluminum Leg Improved Aluminum Leg > --- UTILITY ---------- Cooling System Disposable Heat Sink Small Storage Unit Light Armor Plating > --- WEAPON ----------- Improved EM Shotgun Advanced Beam Cannon > --- INVENTORY -------- Light Ion Engine Aluminum Leg Sensor Array Utility Shielding Improved EM Shotgun Improved EM Shotgun Advanced Beam Cannon Improved Assault Rifle [Rating: 17] Favorites ----------- Power Light Ion Engine Engine Light Ion Engine Propulsion Aluminum Leg Leg Aluminum Leg Utility Small Storage Unit Device Heat Sink Storage Small Storage Unit Protection Light Armor Plating Weapon Improved EM Shotgun Energy Gun Improved EM Shotgun Energy Cannon Advanced Beam Cannon Ballistic Gun Assault Rifle Ballistic Cannon Light Cannon Build | -11 -10 -9 ------- Run | Scr Mat Mat Slots Evolved 2 | . . 2 Power . | . . . Propulsion . | . . . Utility 2 | . . 2 Weapon . | . . . Parts Attached 19 | 6 2 11 Power 2 | 1 . 1 Engine 2 | 1 . 1 Core . | . . . Reactor . | . . . Propulsion 5 | 2 1 2 Treads . | . . . Leg 5 | 2 1 2 Wheel . | . . . Hover . | . . . Flight . | . . . Utility 7 | 1 1 5 Device 4 | . 1 3 Storage 1 | 1 . . Processor . | . . . Hackware . | . . . Protection 2 | . . 2 Artifact . | . . . Weapon 5 | 2 . 3 Energy Gun 2 | 1 . 1 Energy Cannon 1 | . . 1 Ballistic Gun 1 | 1 . . Ballistic Cannon 1 | . . 1 Launcher . | . . . Special Weapon . | . . . Impact Weapon . | . . . Slashing Weapon . | . . . Piercing Weapon . | . . . Special Melee Weapon . | . . . Unidentified Prototypes 2 | . . 2 Parts Lost 1 | . . 1 Power 1 | . . 1 Propulsion . | . . . Utility . | . . . Weapon . | . . . Highest Loss Streak 1 | . . 1 To Critical Strikes . | . . . Average Slot Usage (%) 96 | . 88 100 Engine 11 | . 14 11 Leg 23 | . 28 22 Device 15 | . 2 22 Storage 11 | . 14 11 Protection 7 | . . 11 Energy Gun 11 | . 14 11 Energy Cannon 3 | . . 5 Ballistic Gun 4 | . 14 . Ballistic Cannon 3 | . . 5 Naked Turns . | . . . Heaviest Build 21 | 12 13 21 Greatest Support 23 | 20 20 23 Greatest Overweight (x) 1 | 1 1 . Average Overweight (x) . | . . . Largest Inventory Capacity 8 | 8 8 8 Average Capacity 7 | 7 8 8 Most Carried 8 | 5 6 8 Average Carried 6 | 2 3 7 Final Capacity 8 | 8 8 8 Final Carried 7 | 2 6 7 Class Distribution -------------------- 100% | Mutant Dominant Class ---------------- Mutant | -10/Materials Mutant | -9/Materials Resources | -11 -10 -9 ----------- Run | Scr Mat Mat Matter Collected 423 | 150 77 196 Remotely . | . . . Salvage Created 413 | . 78 335 Parts 35 | . 5 30 Haulers Intercepted 3 | . . 3 Recyclers Shooed 1 | . . 1 Parts Field Recycled . | . . . Retrieved Matter . | . . . Parts Self-Destructed . | . . . Prevented . | . . . Kills | -11 -10 -9 ------- Run | Scr Mat Mat Combat Hostiles Destroyed 8 | . 2 6 Guns 4 | . 2 2 Cannons 2 | . . 2 AOE 2 | . . 2 Classes Destroyed 5 | . 1 4 Hauler 3 | . . 3 Watcher 1 | . . 1 Swarmer 3 | . . 3 Grunt 4 | . 2 2 Sentry 1 | . . 1 Best Kill Streak 3 | . 2 3 Combat Bots Only 3 | . 2 3 Max Kills in Single Turn 3 | . 1 3 Gunslinging . | . . . Exploded 2 | . . 2 Melee . | . . . Uniques/NPCs Destroyed . | . . . Combat | -11 -10 -9 -------- Run | Scr Mat Mat Damage Taken 346 | . 142 204 Core 70 | . 30 40 Absorbed by Shields . | . . . Redirected to Shielding 2 | . . 2 Core Remaining (%) 94 | 100 88 . Volleys Fired 30 | . 7 23 Largest 2 | . 2 2 Hottest 113 | . 70 113 Shots Fired 54 | . 14 40 Gun 31 | . 14 17 Cannon 23 | . . 23 Launcher . | . . . Special . | . . . Kinetic 15 | . 7 8 Thermal 22 | . 7 15 Explosive . | . . . Electromagnetic 17 | . . 17 Robot Hit Streak 7 | . 5 7 Robot Miss Streak 3 | . 3 3 Penetration Max . | . . . Secondary Targets . | . . . Shots Hit Robots 36 | . 7 29 Core Hits 18 | . 4 14 Critical Kills . | . . . Critical Parts Destroyed . | . . . Critical Strikes 1 | . 1 . Burn 1 | . 1 . Melee Attacks . | . . . Impact . | . . . Slashing . | . . . Piercing . | . . . Sneak Attacks . | . . . Combat Hostiles . | . . . Follow-up Attacks . | . . . Damage Inflicted 708 | . 91 617 Guns 335 | . 91 244 Cannons 247 | . . 247 Explosions 126 | . . 126 Melee . | . . . Ramming . | . . . Kinetic 133 | . 55 78 Thermal 331 | . 36 295 Explosive . | . . . Electromagnetic 244 | . . 244 Impact . | . . . Slashing . | . . . Piercing . | . . . Highest Corruption . | . . . Average Corruption . | . . . Corruption Purged . | . . . Corruption Blocked . | . . . Overload Shots . | . . . Overflow Damage . | . . . Projectiles . | . . . Explosions . | . . . Melee . | . . . Knockbacks . | . . . Impact . | . . . Kinetic . | . . . Secondary . | . . . Self-Inflicted Damage . | . . . Shots . | . . . Rammed . | . . . Targets Rammed . | . . . Kicked . | . . . Crushed . | . . . Highest Temperature 132 | . 132 63 Average Temperature 42 | . 63 23 Received Heat Transfer 132 | . 69 63 Siege Activations . | . . . Robots Corrupted . | . . . Combat Hostiles . | . . . Parts Fried . | . . . Impact Corruptions . | . . . Robots Melted . | . . . Combat Hostiles . | . . . Parts Melted 2 | . 1 1 Heat Transferred 581 | . 185 396 Parts Sabotaged . | . . . Parts Stolen . | . . . Parts Stripped . | . . . Power Chain Reactions 2 | . . 2 Missiles Intercepted . | . . . Alert | -11 -10 -9 ------- Run | Scr Mat Mat Peak Influence 297 | . 82 297 Initial 34 | . . 34 Average 134 | . 64 178 Maximum Alert Level 1 | . . 1 Low Security (%) 72 | 100 100 56 Level 1 27 | . . 43 Level 2 . | . . . Level 3 . | . . . Level 4 . | . . . Level 5 . | . . . High Security . | . . . Max Security . | . . . Squads Dispatched 1 | . . 1 Investigation 1 | . . 1 Extermination . | . . . Reinforcement . | . . . Assault . | . . . Garrison . | . . . Intercept . | . . . Searches Triggered . | . . . Construction Impeded . | . . . Haulers Reinforced . | . . . Active Scanning Responses . | . . . Cargo Convoy Interrupts . | . . . Stealth | -11 -10 -9 --------- Run | Scr Mat Mat Distress Signals 1 | . . 1 Communications Jammed . | . . . Distress Signals . | . . . Times Spotted 13 | . 2 11 Peak Tracking Total 3 | . 2 3 Tactical Retreats . | . . . Traps | -11 -10 -9 ------- Run | Scr Mat Mat Traps Triggered 1 | . 1 . Indirectly . | . . . Trap Hack Attempts . | . . . Triggered . | . . . Disarmed . | . . . Reprogrammed . | . . . Reused . | . . . Traps Extracted . | . . . Installed . | . . . Triggered . | . . . Machines | -11 -10 -9 ---------- Run | Scr Mat Mat Machines Disabled 3 | . . 3 Max in Single Turn 1 | . . 1 Machines Sabotaged . | . . . Garrisons Compromised . | . . . Overloaded Fab Kills . | . . . Hacking | -11 -10 -9 --------- Run | Scr Mat Mat Machines Accessed 6 | . 2 4 Terminals 6 | . 2 4 Fabricators . | . . . Repair Stations . | . . . Recycling Units . | . . . Scanalyzers . | . . . Garrison Access . | . . . Total Hacks 21 | . 12 9 Successful 9 | . 7 2 Failed 12 | . 5 7 Catastrophic . | . . . Database Lockouts . | . . . Manual 15 | . 7 8 Terminals 21 | . 12 9 Fabricators . | . . . Repair Stations . | . . . Recycling Units . | . . . Scanalyzers . | . . . Garrison Access . | . . . Terminal Hacks 5 | . 5 . Robot Analysis 1 | . 1 . Prototype ID Bank 1 | . 1 . Level Access Points 1 | . 1 . Emergency Access Points 1 | . 1 . Terminal Index 1 | . 1 . Fabricator Hacks . | . . . Repair Station Hacks . | . . . Recycling Unit Hacks . | . . . Scanalyzer . | . . . Garrison Access Hacks . | . . . Unauthorized Hacks 4 | . 2 2 Terminals 4 | . 2 2 Assimilate 1 | . . 1 Botnet 3 | . 2 1 Fabricators . | . . . Repair Stations . | . . . Recycling Units . | . . . Scanalyzers . | . . . Garrison Access . | . . . Data Cores Recovered . | . . . Used . | . . . Hacking Detections 6 | . 2 4 Full Trace Events 2 | . . 2 Feedback Events . | . . . Feedback Blocked . | . . . Robot Schematics Acquired . | . . . Robots Built . | . . . Authchips . | . . . Time . | . . . Total Robot Build Rating . | . . . Part Schematics Acquired . | . . . Parts Built . | . . . Authchips . | . . . Time . | . . . Total Part Build Rating . | . . . Parts Repaired . | . . . Time . | . . . Parts Recycled . | . . . Recycled Matter . | . . . Retrieved Matter . | . . . Retrieved Components . | . . . Parts Scanalyzed . | . . . Part Schematics Acquired . | . . . Parts Damaged . | . . . Bothacking | -11 -10 -9 ------------ Run | Scr Mat Mat Used RIF Installer . | . . . Robots Hacked . | . . . Non-combat . | . . . Combat . | . . . Robot Hacks Applied . | . . . Relay Couplers Released . | . . . Fabnet Peak Effective % . | . . . Robots Rewired . | . . . Allies Hacked . | . . . Hacks Repelled . | . . . Allies | -11 -10 -9 -------- Run | Scr Mat Mat Total Allies . | . . . Largest Group . | . . . Highest-Rated Group . | . . . Highest-Rated Ally . | . . . Total Orders . | . . . Ally Attacks . | . . . Total Damage . | . . . Kills . | . . . Allies Corrupted . | . . . Allies Melted . | . . . Intel | -11 -10 -9 ------- Run | Scr Mat Mat Robot Analysis Total 1 | . 1 . Derelict Logs Recovered . | . . . Drone Launches . | . . . Drone Recoveries . | . . . Exploration | -11 -10 -9 ------------- Run | Scr Mat Mat Turns Passed 785 | 45 235 505 Spaces Moved 496 | 37 134 325 Core 24 | 24 . . Treads . | . . . Legs 472 | 13 134 325 Wheels . | . . . Hover . | . . . Flight . | . . . Fastest Speed 50 | 50 120 120 Average Speed 127 | 90 155 120 Slowest Speed 190 | 120 190 120 Overloaded Moves . | . . . Propulsion Burnouts . | . . . Robots Hopped . | . . . Cave-ins Triggered . | . . . Exploration Rate (%) 20 | 4 25 31 Regions Visited 2 Branch Regions . Pre-discovered Areas . | . . . Known Exits Taken 1 | . 1 . Unknown Exits Taken 1 | 1 . . Scrap Searched . | . . . Spaces Dug . | . . . Terrain Destroyed 8 | . . 8 Melee . | . . . Projectile . | . . . AOE 8 | . . 8 Terrain Rammed . | . . . Walls Destroyed . | . . . Machines Disabled . | . . . Actions | -11 -10 -9 --------- Run | Scr Mat Mat Total 598 | 47 145 406 Wait 26 | . . 26 Move 494 | 36 133 325 Hop . | . . . Pick Up 19 | 5 3 11 Fast Attach 4 | 3 1 . Attach 6 | 3 . 3 Detach . | . . . Swap 9 | . 1 8 Drop 10 | . . 10 Fire 30 | . 7 23 Melee . | . . . Ram . | . . . Kick . | . . . Crush . | . . . Escape Stasis . | . . . Rewire . | . . . Trap . | . . . Miscellaneous . | . . . Route ------- -11/Scrapyard -10/Materials (discovered 3 exits: *Mat x3) -9/Materials (discovered 1 exit: [*Mat]) History --------- Turn | Location | Event 22 | -11/Scrapyard | Discovered new exit (range 13) 46 | -11/Scrapyard | Entered Materials 55 | -10/Materials | Identified exit to Materials 281 | -10/Materials | Entered another Materials area 281 | -9/Materials | Evolved 2 slots: Utility x2 313 | -9/Materials | Build established: Mutant 763 | -9/Materials | Discovered new exit (range 9) 786 | -9/Materials | Self-destructed Last Messages --------------- Trojan loaded successfully. Testing... Terminal linked with 0 systems. Awaiting botnet instructions. 00717_ Connecting with Terminal... 00736_ A-02 Transporter destroyed. 00737_ K-01 Serf collects debris. 00754_ Dropped Heat Sink. 00763_ O-16 Technician: "IFF HANDSHAKE FAILED. SECURING TERMINAL." 00763_ EXIT=FOUND 00763_ W-16 Scout sends out distress signal. 00765_ Connecting with Terminal... >>Trojan(Assimilate) Trojan loaded successfully. Testing... System interface override in place. 00765_ ALERT: Suspicious activity at Terminal M007. Dispatching Investigation squad. 00778_ G-34 Mercenary misfires. 00780_ Lgt. Ion Engine destroyed. Map ----- +----------------------------------------------------+ | # #??????????????????????? | | # #??????????????????????? | | ##+#####+##+############????????????? | | + #????????????? | | # #????????????? | | # """ #????????????? | | # """"" #????????????? | | ## [ + """"" #????????????? | | ?# ]] # """"" #????????????? | | ?# ] # """ #????????????? | | ?## # #????????????? | | ### # #????????????? | | #= #""T""############????????????? | | +!*=#"""""#???????????????????????? | | # ![#######???????????????????????? | | ###=[%########???????????####???????? | | ###!==# #??????????? #???????? | | # ! # #??????????# < #???????? | | " # *# #??????????# #???????? | | " # # """ #??????????# g #???????? | | " + / """ #??????????# #???????? | | # # """ #??????????# #???????? | | # ########?????????## ##??????? | | ### ################## #??????? | | k ![[ Y # "" ?? | | ]%[ @T + """??? | | *][ ! # """??? | | ####+##### #######+### #??????? | | # ## # ! ## ##??????? | | # """ ## # ## #???????? | | # """ ## # ## #???????? | | # """ ## # """ ## #???????? | | # + # """ """ ## #???????? | | # ## # "Y """ + #???????? | | # ###### """ ## #???????? | | # ""T"" #????# #? #???????? | | # """"" #????###########? #???????? | | # #???????????????? #???????? | | #########???????????????? #???????? | | ????????????????????????? ???????? | | ????????????????????????? ????????? | | ????????????????????????????????????? | | ????????????????????????????????????? | | ????????????????????????????????????? | | ????????????????????????????????????? | | ????????????????????????????????????? | | ????????????????????????????????????? | | ????????????????????????????????????? | | ????????????????????????????????????? | | ????????????????????????????????????? | +----------------------------------------------------+ Best States ------------- Heat Dissipation 50 Coolant Potential 50 Energy Generation 10 Energy Capacity 125 Matter Stores 300 Matter Capacity 300 Sight Range 16 Robot Scan Range 14 Terrain Scan Density 10 Armor Coverage 150 Utility Shielding 33 Evasion (%) 55 Item Schematics ----------------- None Robot Schematics ------------------ None Fabricated ------------ Nothing Alien Tech Used ----------------- None Achievements -------------- None Challenges ------------ None Game ------ Seed RestorationImpactStabilizer Manual? 0 Play Time 00:15:57 Cumulative 121.5 hours Start 2022.05.27 @ 21:53:12 End 2022.05.28 @ 15:50:01 Sessions 3 Manual Loads 0 Difficulty Rogue Special Mode None Game No. 149 Rogue 149 Adventurer 0 Explorer 0 Win Type - Total 0 Types 0/0/0/0/0/0/0/0/0 Lore% 41 Gallery% 45 Achievement% 33 Wizard Run 0 Options --------- ASCII 0 Keyboard 1 Movement Vi Keybinds 0 Fullscreen 0 Font 20/SmallcapsGlow Map View 76x50 Tactical HUD 1 Map Filters NONE Filters NONE Steam 1 RUN: 4b1210fc-5450-4b5f-a69a-df1729d4f2ee